 Dungeon Crawl Stone Soup version bcrawl-1.13.1 (webtiles) character file.

Game seed: 15967293930991008164

354 Revguard the Sneak (level 6, 0/66 HPs)
             Began as a Demonspawn Archaeologist on Aug 2, 2019.
             Slain by an ogre
             ... wielding a +0 giant club
              (5 damage)
             ... on level 4 of the Dungeon.
             The game lasted 00:08:39 (3615 turns).

Revguard the Sneak (Demonspawn Archaeologist)       Turns: 3615, Time: 00:08:40

Health: 0/66       AC: 23    Str: 10 (11) XL:     6   Next: 35%
Magic:  7/7        EV:  2    Int: 15      God:
Gold:   182        SH:  0    Dex: 11 (14) Spells: 5/5 levels left

rFire    . . .     SeeInvis .   s - +2 dagger (venom)
rCold    . . .     Gourm    .   (no shield)
rNeg     + + +     Faith    .   (armour currently unavailable)
rPois    +         Spirit   .   (helmet currently unavailable)
rElec    .         Reflect  .   (cloak currently unavailable)
rCorr    .         Harm     .   (gloves currently unavailable)
MR       .....     NoTele   +   (boots currently unavailable)
Stlth    ++........             (no amulet)
HPRegen  0.21/turn              q - ring of flight
MPRegen  0.10/turn              (no ring)

@: tree-form, studying Long Blades
A: no striking features
a: no special abilities


You were on level 4 of the Dungeon.
You were not hungry.
You were a tree.
You visited 1 branch of the dungeon, and saw 4 of its levels.

You collected 182 gold pieces.

Inventory:

Hand Weapons
 a - a +0 whip
 s - a +2 dagger of venom (weapon)
Armour
 c - a +1 hat (melded)
 d - a +1 pair of boots (melded)
 x - a +2 scale mail of fire resistance (melded)
Jewellery
 q - a ring of flight (left branch)
Scrolls
 i - 4 scrolls of remove curse
 k - a scroll of immolation
 n - 2 scrolls of magic mapping
 v - 2 scrolls of teleportation
Potions
 u - 3 potions of curing
Books
 e - a manual of Long Blades
Miscellaneous
 f - an ancient crate
Comestibles
 b - 5 chunks of flesh
 g - 9 rations {!d}


   Skills:
 + Level 1.8 Fighting
 * Level 2.7 Long Blades
 - Level 1.2 Maces & Flails
 * Level 3.0 Armour
 + Level 3.5 Dodging
 + Level 3.9 Stealth
 * Level 2.2 Evocations


You had 5 spell levels left.
You didn't know any spells.
Your spell library contained the following spells:

 Spells                   Type           Power        Failure   Level  Hunger
 Magic Dart               Conj           #...         26%         1    ##.....
 Slow                     Hex            #.......     26%         1    ##.....
 Blink                    Tloc           N/A          38%         2    ###....
 Call Imp                 Summ           #.......     38%         2    ###....
 Conjure Flame            Conj/Fire      #.......     63%         3    ####...
 Mephitic Cloud           Conj/Pois/Air  #.......     63%         3    ####...


Dungeon Overview and Level Annotations

Branches:
Dungeon (4/12)
 Temple: D:4-7

Altars:
Dithmenos


Innate Abilities, Weirdness & Mutations

((You have hoof-like feet.))
((You are mostly covered in molten scales. (AC +3)))


Message History

The ogre hits you but does no damage.
The phantom blinks!
You hit the ogre but do no damage.
The ogre is poisoned.
You hit the ogre.
The ogre is lightly wounded.
The ogre hits you with a +0 giant club.
* * * LOW HITPOINT WARNING * * *
You hit the ogre.
The ogre is moderately wounded.
The ogre hits you with a +0 giant club.
* * * LOW HITPOINT WARNING * * *
You hit the ogre.
The ogre is heavily wounded.
You barely miss the ogre.
The ogre is heavily wounded.
The ogre hits you with a +0 giant club!
* * * LOW HITPOINT WARNING * * *
You hit the ogre.
The ogre looks as sick as possible!
The ogre is severely wounded.
The ogre hits you with a +0 giant club.
You die...

#.# #.#
###.############.######.
.................W..%...
########.#######.######.
#.# #.# #.. #.# ##.# #.#
.# #O# .. #♣# #. #.# #.#
#.# #.# #.. #.. #..


You could see a phantom and an ogre.

Vanquished Creatures
  An ogre (D:4)
  An orc priest (D:3)
  An orc wizard (D:3)
  Terence (D:3)
  A bullfrog skeleton (D:4)
  A hound zombie (D:4)
  6 adders
  2 oozes
  An adder skeleton (D:3)
  2 worms (D:1)
  4 leopard geckos
  3 orcs (D:3)
  2 giant cockroaches
  8 goblins
  2 hobgoblins (D:1)
  4 jackals (D:2)
  13 kobolds
  4 quokkas (D:2)
  5 bats
  4 frilled lizards
  7 rats
73 creatures vanquished.

Notes
Turn   | Place    | Note
-------+----------+-------------------------------------------
     0 | D:1      | Revguard the Demonspawn Archaeologist began the quest for
                  | the Orb.
     0 | D:1      | Reached XP level 1. HP: 15/15 MP: 1/1
   343 | D:1      | Gained mutation: You have large cloven feet. [demonic
                  | ancestry]
   343 | D:1      | Reached XP level 2. HP: 15/21 MP: 2/2
   395 | D:1      | Reached skill level 1 in Maces & Flails
   911 | D:1      | Gained mutation: You are partially covered in molten
                  | scales. (AC +2) [demonic ancestry]
   911 | D:1      | Reached XP level 3. HP: 26/26 MP: 3/3
  1459 | D:2      | Reached skill level 1 in Evocations
  1508 | D:2      | Found a shadowy altar of Dithmenos.
  2287 | D:2      | Reached skill level 1 in Long Blades
  2293 | D:2      | Gained mutation: You have hoof-like feet. [demonic
                  | ancestry]
  2293 | D:2      | Reached XP level 4. HP: 29/32 MP: 4/4
  2581 | D:3      | Reached skill level 1 in Armour
  2649 | D:3      | Gained mutation: You are mostly covered in molten scales.
                  | (AC +3) [demonic ancestry]
  2649 | D:3      | Reached XP level 5. HP: 6/37 MP: 6/6
  2973 | D:3      | Noticed Terence
  2990 | D:3      | Killed Terence
  3455 | D:4      | Noticed an ogre
  3460 | D:4      | Reached XP level 6. HP: 43/43 MP: 7/7
  3465 | D:4      | HP: 1/43 [ogre/+0 giant club (16)]
  3615 | D:4      | Slain by an ogre

Skill      XL: |  1  2  3  4  5  6 |
---------------+-------------------+-----
Maces & Flails | 1 |  1.2
Dodging        | 3 |  3.5
Evocations     | 1 2 |  2.2
Long Blades    | 1 2 |  2.7
Armour         | 1 2 3 |  3.0
Fighting       | |  1.8
Stealth        | |  3.9

Action                   |  1- 3 |  4- 6 || total
-------------------------+-------+-------++-------
Melee: Whip              |   194 |       ||   194
       Dagger            |    36 |   147 ||   183
  Use: Potion            |       |     8 ||     8
       Scroll            |       |    10 ||    10
 Stab: Sleeping          |    10 |       ||    10
  Eat: Chunk             |     4 |     5 ||     9
Armor: Robe              |    34 |       ||    34
       Ring mail         |    67 |    43 ||   110
       Scale mail        |       |    39 ||    39
       Skin              |       |     1 ||     1
Dodge: Dodged            |   166 |    54 ||   220
